 Dungeon Crawl Stone Soup version 0.25-b1-37-g2669288c55 (console) character file.

Game seed: 12632918264623373874

1582 Kagalorn the Magician (level 8, -2/46 HPs)
             Began as a Deep Elf Air Elementalist on June 5, 2020.
             Was a Follower of Sif Muna.
             Slain by a worker ant (6 damage)
             ... on level 5 of the Dungeon.
             The game lasted 00:15:09 (5914 turns).

Kagalorn the Magician (Deep Elf Air Elementalist)   Turns: 5914, Time: 00:15:10

Health: -2/46      AC:  3    Str:  5    XL:     8   Next: 60%
Magic:  17/19      EV: 12    Int: 23    God:    Sif Muna [*.....]
Gold:   239        SH:  0    Dex: 15    Spells: 13/20 levels left

rFire    . . .     SeeInvis +   a - +0 dagger (venom)
rCold    . . .     Gourm    .   (no shield)
rNeg     . . .     Faith    .   l - +0 leather armour {rPois}
rPois    +         Spirit   .   (no helmet)
rElec    .         Reflect  .   (no cloak)
rCorr    .         Harm     .   (no gloves)
MR       .....                  (no boots)
Stlth    +.........             p - amulet of magic regeneration
HPRegen  0.15/turn              o - ring of see invisible
MPRegen  0.41/turn              (no ring)

@: glowing
A: no striking features
a: Channel Magic, Renounce Religion


You were on level 5 of the Dungeon.
You worshipped Sif Muna.
Sif Muna was aware of your devotion.
You were not hungry.

You visited 1 branch of the dungeon, and saw 6 of its levels.

You collected 239 gold pieces.

Inventory:

Hand Weapons
 a - a +0 dagger of venom (weapon)
 b - a +2 dagger of holy wrath
 h - a +0 falchion of protection
Missiles
 m - 17 poisoned darts (quivered)
 v - 50 arrows
Armour
 l - a +0 leather armour of poison resistance (worn)
 w - a +1 robe
Jewellery
 o - a ring of see invisible (left hand)
 p - an amulet of magic regeneration (around neck)
Wands
 t - a wand of paralysis (3)
Scrolls
 d - 4 scrolls of teleportation {unknown}
 f - 3 scrolls of identify {unknown}
 k - a scroll of immolation {unknown}
 n - 2 scrolls of enchant armour {unknown}
 q - 3 scrolls of remove curse {unknown}
 r - a scroll of magic mapping {unknown}
 s - a scroll of fear {unknown}
 u - a scroll of enchant weapon {unknown}
Potions
 e - a potion of magic {unknown}
 g - a potion of haste {unknown}
 i - a potion of mutation {unknown}
 j - 2 potions of curing {unknown}
 z - a potion of lignification {unknown}
Comestibles
 c - 9 rations


   Skills:
 + Level 3.5 Fighting
 + Level 3.3 Dodging
 - Level 2.4 Stealth
 + Level 6.6 Spellcasting
 - Level 5.0 Conjurations
 + Level 6.6 Air Magic
 + Level 4.2 Invocations


You had 13 spell levels left.
You knew the following spells:

 Your Spells              Type           Power        Failure   Level  Hunger
a - Shock                 Conj/Air       ####         1%          1    None
b - Airstrike             Air            #####.....   9%          4    ###....
g - Swiftness             Chrm/Air       ###.....     5%          2    None

Your spell library contained the following spells:

 Spells                   Type           Power        Failure   Level  Hunger
 Static Discharge         Conj/Air       ####....     3%          3    None
 Lightning Bolt           Conj/Air       ####......   34%         5    #####..


Dungeon Overview and Level Annotations

Branches:
Dungeon (6/15)
 Temple: D:4-7

Altars:
Okawaru
Sif Muna

Annotations:
D:2 1 runed translucent door, Crazy Yiuf
D:6 Dowan, Duvessa


Message History

Casting: Shock (safe; 1% risk of failure)
Confirm with . or Enter, or press ? or * to list all spells.
Aiming: Shock (safe; 1% risk of failure)
Press: ? - help, Shift-Dir - straight line, f/p - gnoll
Aim: a gnoll, wielding a +0 whip (heavily wounded)
The zap hits the gnoll.
The gnoll is heavily wounded.
The gnoll hits you with a +0 whip.
* * * LOW HITPOINT WARNING * * *
The worker ant bites you but does no damage.
Casting: Shock (safe; 1% risk of failure)
Confirm with . or Enter, or press ? or * to list all spells.
Aiming: Shock (safe; 1% risk of failure)
Press: ? - help, Shift-Dir - straight line, f/p - gnoll
Aim: a gnoll, wielding a +0 whip (heavily wounded)
The zap hits the gnoll!
You kill the gnoll!
Sif Muna accepts your kill. The worker ant bites you.
You die...

##.##.....###
#........######
###...........#
#...........##
########..........).
#....# #)..........)
#...># #.......).##.
#.)a)# #..#.###....#
#..@.###..#.# ##.#..
#......#..#.# #.[.#
#....#....#.# #...#
#....###(...# #...#
#...)###...#####....
###.###.............
#.##...#..........
#.)..#.#######...#
##..##.#...# #...#


You could see a worker ant.

Vanquished Creatures
  Pikel (D:3)
  A hippogriff (D:5)
  An ice beast (D:4)
  Blork the orc (D:4)
  A bullfrog (D:6)
  A crimson imp (D:3)
  A quasit (D:5)
  A jelly (D:6)
  2 hounds
  2 orc priests (D:4)
  A worker ant (D:4)
  An iguana (D:4)
  Natasha (thrice) (D:4)
  3 orc wizards
  Terence (D:3)
  8 adders
  A howler monkey skeleton (D:4)
  6 gnolls (D:5)
  A shadow imp (D:5)
  An ooze (D:2)
  4 worms
  2 dart slugs
  6 leopard geckos
  11 orcs
  5 bats
  3 giant cockroaches (D:3)
  4 goblins
  9 hobgoblins
  2 jackals (D:5)
  4 quokkas
  7 frilled lizards
  A jackal skeleton (D:4)
  7 kobolds
  A leopard gecko skeleton (D:4)
  3 rats
107 creatures vanquished.

Notes
Turn   | Place    | Note
-------+----------+-------------------------------------------
     0 | D:1      | Kagalorn the Deep Elf Air Elementalist began the quest for
                  | the Orb.
     0 | D:1      | Reached XP level 1. HP: 10/10 MP: 6/6
   434 | D:1      | Reached XP level 2. HP: 15/15 MP: 1/8
   682 | D:1      | Found an iron altar of Okawaru.
   846 | D:2      | Found a runed translucent door.
   866 | D:2      | Noticed Crazy Yiuf
   954 | D:2      | Reached XP level 3. HP: 19/19 MP: 1/9
  1795 | D:2      | Reached XP level 4. HP: 24/24 MP: 8/10
  2224 | D:2      | Learned a level 4 spell: Airstrike
  2342 | D:3      | Reached skill level 1 in Fighting
  2343 | D:3      | Reached skill level 5 in Air Magic
  2343 | D:3      | Reached XP level 5. HP: 27/29 MP: 6/12
  2690 | D:3      | Noticed Terence
  2694 | D:3      | Killed Terence
  2959 | D:3      | Found a shimmering blue altar of Sif Muna.
  2965 | D:3      | Became a worshipper of Sif Muna the Loreminder
  2997 | D:4      | Noticed Blork the orc
  3007 | D:4      | Killed Blork the orc
  3106 | D:4      | Reached skill level 1 in Invocations
  3106 | D:4      | Reached XP level 6. HP: 34/34 MP: 10/14
  3366 | D:4      | Noticed Natasha
  3389 | D:4      | Killed Natasha
  3576 | D:4      | Noticed Natasha
  3581 | D:4      | Killed Natasha
  3755 | D:4      | Noticed Natasha
  3762 | D:4      | Killed Natasha
  3762 | D:4      | Reached * piety under Sif Muna
  4067 | D:4      | Reached XP level 7. HP: 40/40 MP: 12/16
  4194 | D:4      | Noticed Pikel
  4223 | D:4      | Paralysed by Pikel for 5 turns
  4348 | D:3      | Killed Pikel
  4348 | D:3      | Reached skill level 5 in Spellcasting
  4348 | D:3      | Reached XP level 8. HP: 11/45 MP: 0/18
  4774 | D:5      | Entered Level 5 of the Dungeon
  5362 | D:5      | Learned a level 2 spell: Swiftness
  5712 | D:6      | Noticed Duvessa
  5752 | D:6      | Noticed a hippogriff
  5766 | D:5      | Killed a hippogriff
  5766 | D:5      | Reached skill level 5 in Conjurations
  5815 | D:6      | Noticed Dowan
  5914 | D:5      | Slain by a worker ant

Illustrated notes

Levels and vault maps discovered:
D:1:      dpeg_arrival_leaves_temple_mockup, layout_loops_ring,
          okawaru_ov_weapons_minmay
D:2:      layout_loops_ring, serial_rivers, chequers_serial_rivers_micro_b,
          chequers_serial_rivers_micro_d, chequers_serial_rivers_small_a,
          chequers_serial_rivers_marsh, chequers_serial_rivers_micro_c,
          chequers_garden, uniq_crazy_yiuf_cottage
D:3:      layout_loops_ring, led_sif_pool, uniq_terence
D:4:      layout_loops_corners, first_ration, chequers_serial_rivers_micro_d,
          minmay_lizard_king, uniq_pikel, uniq_blork_the_orc, uniq_natasha
D:5:      layout_rooms
D:6:      layout_rooms, chequers_temple_overflow_statue_of_worship,
          serial_shops, kennysheep_little_box, uniq_duvessa

Skill      XL: |  1  2  3  4  5  6  7  8 |
---------------+-------------------------+-----
Air Magic      | 4 5 6 |  6.6
Fighting       | 1 2 3 |  3.5
Conjurations   | 2 3 4 5 |  5.0
Spellcasting   | 4 5 6 |  6.6
Invocations    | 1 2 3 4 |  4.2
Dodging        | 3 |  3.3
Stealth        | |  2.4

Action                   |  1- 3 |  4- 6 |  7- 9 || total
-------------------------+-------+-------+-------++-------
Melee: Dagger            |    10 |    25 |    22 ||    57
 Cast: Shock             |    57 |   110 |    94 ||   261
       Airstrike         |       |       |     7 ||     7
 Stab: Sleeping          |     2 |     3 |       ||     5
  Eat: Chunk             |     2 |     5 |     2 ||     9
       Ration            |       |     1 |     1 ||     2
Armor: Robe              |     2 |       |       ||     2
       Leather armour    |       |    12 |    22 ||    34
Dodge: Dodged            |    16 |    28 |    58 ||   102
